 Dungeon Crawl Stone Soup version 0.31-a0-200-gbc41564c69 (webtiles) character file.

Game seed: 2951250272171721370

432 qw the Skirmisher (level 6, -1/35 HPs)
             Began as a Deep Elf Hunter on June 25, 2023.
             Killed from afar by Duvessa (5 damage)
             ... with a puff of flame
             ... on level 5 of the Dungeon.
             The game lasted 00:01:22 (3501 turns).

qw the Skirmisher (Deep Elf Hunter)                 Turns: 3501, Time: 00:01:23

Health: -1/35      AC: 10    Str: 10    XL:     6   Next: 67%
Magic:  8/8        EV: 12    Int: 14    God:
Gold:   241        SH:  0    Dex: 24    Spells: 5/5 levels left

rFire   . . .        Y - +1 shortbow
rCold   . . .        (shield currently unavailable)
rNeg    . . .        i - +0 ring mail
rPois   .            j - +1 helmet
rElec   .            a - +1 cloak
rCorr   .            (no gloves)
SInv    +            n - +0 pair of boots
Will    .....        (no amulet)
Stlth   ++           d - ring of see invisible
HPRegen 0.25/turn    f - +6 ring of dexterity
MPRegen 0.11/turn

%: no passive effects
@: about to teleport
A: no striking features
a: no special abilities


You were on level 5 of the Dungeon.
You visited 2 branches of the dungeon, and saw 6 of its levels.

You collected 241 gold pieces.


   Skills:
 - Level 2.0 Fighting
 - Level 10.0 Ranged Weapons
 - Level 1.0 Armour
 + Level 3.0 Dodging
 - Level 1.2 Stealth


You had 5 spell levels left.
You didn't know any spells.
Your spell library was empty.

Inventory:

Hand Weapons
 Y - a +1 shortbow (weapon)
Armour
 a - a +1 cloak (worn)
 i - a +0 ring mail (worn)
 j - a +1 helmet (worn)
 n - a +0 pair of boots (worn)
Jewellery
 b - a ring of resist corrosion
 d - a ring of see invisible (left hand)
 f - a +6 ring of dexterity (right hand)
Scrolls
 g - 2 scrolls of teleportation
 h - a scroll of identify
Potions
 c - a potion of might
 k - 3 potions of curing
 m - a potion of mutation

Dungeon Overview and Level Annotations

Branches:
Dungeon (5/15)             Temple (1/1) D:4

Altars:
Elyvilon
Fedhas
Hepliaklqana
Kikubaaqudgha
Makhleb
Nemelex Xobeh
Qazlal
Sif Muna
Trog
Uskayaw
Vehumet
Wu Jian
Xom
Yredelemnul
Zin
The Shining One

Annotations:
D:5 Dowan, Duvessa


Message History

You hear a shout!
Duvessa zaps a wand.
The puff of flame hits you but does no damage.
You shoot an arrow. The arrow closely misses Duvessa.
Duvessa zaps a wand.
The puff of flame hits you! Duvessa hits you but does no damage.
An orc comes into view. It is wielding a +0 club.
An orc priest comes into view. It is wielding a +0 short sword.
You shoot an arrow.
The arrow hits Duvessa but does no damage.
Duvessa closely misses you.
You shoot an arrow. The arrow closely misses Duvessa.
Duvessa barely misses you.
You shoot an arrow. The arrow hits Duvessa.
Duvessa is lightly wounded.
Duvessa zaps a wand.
The puff of flame misses you.
You shoot an arrow. The arrow hits Duvessa.
Duvessa is moderately wounded.
The orc priest hits you with a +3 flail.
Duvessa misses you. The orc closely misses you.
You shoot an arrow. The arrow hits Duvessa.
Duvessa is moderately wounded.
The orc priest hits you with a +3 flail!
Duvessa barely misses you.
You shoot an arrow.
The arrow hits Duvessa but does no damage.
Duvessa is moderately wounded.
The orc priest hits you with a +3 flail.
Duvessa barely misses you. The orc barely misses you.
3500 ||| READING 3 scrolls of teleportation.
As you read the scroll of teleportation, it crumbles to dust.
You feel strangely unstable.
Dowan, Brother of Duvessa comes into view.
He is wielding a +0 dagger.
Duvessa closely misses you.
The orc priest hits you with a +3 flail.
The orc hits you with a +0 hand axe.
3501 ||| Stepping ~*~*~tactically~*~*~ (outnumbered).
The orc attacks as you move away! The orc hits you but does no damage.
The orc priest misses you.
Duvessa zaps a wand.
The puff of flame hits you.
You die...

...##.......# ..# ###)#..#.###
...##.###..## ..# ###.#..#.#+
...##.####.###..# ###.#..#.
...#...........)# ###.#..
...#............# ###..
##.#.#######.o###################
#.......e......oe...........#
###.#########o#.#######.###.####
#.#.........o@..# #.# #...>#
#.#..###......#.# #.# ####.# #
#.##.# #.#.#.%#.# #.# #.#
#.#.##.# #.#.#..#.# #.######.#
#......# #.#.#..#.# #.........
###.#### #.#.#..#.# ########.#
...# #.#.####.# #.# #####
#.#......# #.# #.######## #.#


You could see Duvessa, an orc priest and 2 orcs.

Vanquished Creatures
  A jelly (D:5)
  2 hounds
  An orc priest (D:4)
  Natasha (thrice) (D:3)
  3 orc wizards
  Robin (D:4)
  3 adders
  3 ufetubi
  2 worms
  2 dart slugs (D:1)
  12 orcs
  5 endoplasms
  4 giant cockroaches
  14 goblins
  10 hobgoblins
  3 jackals (D:2)
  A quokka (D:2)
  4 ball pythons
  8 bats
  3 frilled lizards
  6 kobolds
  2 rats
93 creatures vanquished.

Notes
Turn   | Place    | Note
-------+----------+-------------------------------------------
     0 | D:1      | qw the Deep Elf Hunter began the quest for the Orb.
     0 | D:1      | Reached XP level 1. HP: 12/12 MP: 3/3
     0 | D:1      | 0 ||| qw: Version: 0.3-a-22-g0ed2b0b
     0 | D:1      | 0 ||| qw: Game counter: 5680
     0 | D:1      | 0 ||| qw: Melee chars always use a shield: true
     0 | D:1      | 0 ||| qw: God list: Okawaru
     0 | D:1      | 0 ||| qw: Allow faded altars: false
     0 | D:1      | 0 ||| qw: Do Orc after clearing Dungeon:15 true
     0 | D:1      | 0 ||| qw: Do second Lair branch before Depths: true
     0 | D:1      | 0 ||| qw: Lair rune preference: random
     0 | D:1      | 0 ||| qw: Goals: Normal
     0 | D:1      | 0 ||| PLANNING D:1-11
    24 | D:1      | Found a faded altar of an unknown god.
   174 | D:1      | Reached XP level 2. HP: 16/16 MP: 4/4
   231 | D:1      | Reached skill level 6 in Ranged Weapons
   488 | D:1      | 488 ||| UPGRADING to ring of see invisible.
   489 | D:1      | 489 ||| UPGRADING to +6 ring of dexterity.
   490 | D:1      | 490 ||| READING scroll labelled WINOOV EN VUWN.
   491 | D:1      | 491 ||| READING 3 scrolls labelled WUIREI PAX QOG.
   492 | D:1      | 492 ||| READING 2 scrolls of identify.
   492 | D:1      | 492 ||| IDENTIFYING fuming brown potion
   493 | D:1      | 493 ||| DROPPING scroll of butterflies.
   494 | D:1      | 494 ||| DROPPING potion of brilliance.
   574 | D:2      | Reached XP level 3. HP: 20/20 MP: 5/5
   680 | D:2      | Reached skill level 7 in Ranged Weapons
   680 | D:2      | Reached XP level 4. HP: 22/25 MP: 6/6
   707 | D:2      | Found an ornate altar of the Wu Jian Council.
  1130 | D:2      | 1130 ||| UPGRADING to +0 ring mail.
  1140 | D:2      | 1140 ||| DROPPING +0 leather armour.
  1141 | D:2      | 1141 ||| READING scroll labelled ODOINL BEPRECH.
  1142 | D:2      | 1142 ||| READING scroll labelled REAGOTR NEZIL.
  1143 | D:2      | 1143 ||| READING scroll labelled COEKIL PIYNE.
  1144 | D:2      | 1144 ||| READING 3 scrolls labelled ESKEAS PICVE.
  1148 | D:2      | 1148 ||| READING scroll labelled MESECY GAUMEAT.
  1149 | D:2      | 1149 ||| DRINKING 2 murky inky potions.
  1376 | D:3      | Found a bloodstained altar of Trog.
  1489 | D:3      | Noticed Natasha
  1494 | D:3      | Killed Natasha
  1495 | D:3      | Reached skill level 8 in Ranged Weapons
  1511 | D:3      | Reached XP level 5. HP: 29/29 MP: 7/7
  1519 | D:3      | Reached skill level 3 in Dodging
  1599 | D:3      | Noticed Natasha
  1601 | D:3      | 1601 ||| FLEEEEING.
  1609 | D:3      | Killed Natasha
  1628 | D:3      | Noticed Natasha
  1633 | D:3      | Killed Natasha
  1634 | D:3      | Reached skill level 9 in Ranged Weapons
  1820 | D:3      | 1820 ||| UPGRADING to +0 cloak.
  1825 | D:3      | 1825 ||| READING scroll labelled AMU TACUAMPOS.
  1826 | D:3      | 1826 ||| READING 4 scrolls of identify.
  1826 | D:3      | 1826 ||| IDENTIFYING lumpy cyan potion
  1827 | D:3      | 1827 ||| READING 3 scrolls of identify.
  1827 | D:3      | 1827 ||| IDENTIFYING lumpy pink potion
  1829 | D:3      | 1829 ||| Stepping ~*~*~tactically~*~*~ (cloud).
  1837 | D:3      | HP: 7/29 [poisoned by you (poison gas)]
  1960 | D:4      | Reached XP level 6. HP: 18/35 MP: 8/8
  1966 | D:4      | HP: 6/35 [orc priest/nerve-wracking pain (8)]
  1967 | D:4      | 1967 ||| READING 4 scrolls of teleportation.
  1968 | D:4      | 1968 ||| DRINKING potion of heal wounds.
  2010 | D:4      | 2010 ||| READING scroll of enchant armour.
  2010 | D:4      | 2010 ||| ENCHANTING +0 cloak.
  2036 | D:4      | Noticed Robin
  2057 | D:4      | HP: 7/35 [Robin/+0 spear (5)]
  2058 | D:4      | 2058 ||| READING 3 scrolls of teleportation.
  2060 | D:4      | Killed Robin
  2440 | D:4      | Found a staircase to the Ecumenical Temple.
  2441 | D:4      | 2441 ||| PLANNING TEMPLE
  2441 | D:4      | 2441 ||| UPGRADING to +1 helmet.
  2446 | D:4      | 2446 ||| UPGRADING to +0 pair of boots.
  2451 | D:4      | 2451 ||| READING 2 scrolls labelled YSEXTU MYSK.
  2452 | D:4      | 2452 ||| READING scroll labelled SEHAPA HAAGUTH.
  2553 | D:4      | 2553 ||| READING scroll labelled JAGIOM BOTRUGHE.
  2554 | D:4      | 2554 ||| READING 2 scrolls of identify.
  2554 | D:4      | 2554 ||| IDENTIFYING murky coppery potion
  2555 | D:4      | 2555 ||| DROPPING scroll of revelation.
  2574 | Temple   | Entered the Ecumenical Temple
  2780 | Temple   | 2780 ||| PLANNING D:1-11
  3190 | D:5      | Entered Level 5 of the Dungeon
  3323 | D:5      | Reached skill level 1 in Armour
  3486 | D:5      | Reached skill level 10 in Ranged Weapons
  3486 | D:5      | Noticed Duvessa
  3499 | D:5      | HP: 7/35 [orc priest/+3 flail (5)]
  3500 | D:5      | 3500 ||| READING 3 scrolls of teleportation.
  3500 | D:5      | Noticed Dowan
  3500 | D:5      | HP: 3/35 [orc/+0 hand axe (2)]
  3501 | D:5      | 3501 ||| Stepping ~*~*~tactically~*~*~ (outnumbered).
  3501 | D:5      | Killed from afar by Duvessa

Levels and vault maps discovered:
D:1:      nicolae_arrival_memento_mori, layout_basic,
          chequers_ecumenical_altar_simple
D:2:      layout_loops_ring, basic_altar, chequers_serial_rivers_marsh
D:3:      minmay_general_purpose_star, layout_basic, old_standard_altar,
          uniq_natasha
D:4:      layout_basic, temple_doors_e, uniq_robin
D:5:      minmay_razor_zed, layout_basic, uniq_duvessa
Temple:   nicolae_temple_bog_church

Skill      XL: |  1  2  3  4  5  6 |
---------------+-------------------+-----
Ranged Weapons | 6 7 8 9 10 | 10.0
Dodging        | 3 |  3.0
Fighting       | 2 |  2.0
Armour         | 1 |  1.0
Stealth        | |  1.2

Action                     |  1- 3 |  4- 6 || total
---------------------------+-------+-------++-------
   Fire: Shortbow          |    80 |   203 ||   283
    Use: Scroll            |     3 |    16 ||    19
         Potion            |       |     2 ||     2
 Armour: Leather armour    |     5 |       ||     5
         Ring mail         |       |    32 ||    32
  Dodge: Dodged            |    16 |    63 ||    79

Table legend:
 A = Non-vault XP
 B = Vault XP
 C = Vault XP percentage of total XP
 D = Non-vault monster count
 E = Vault monster count
 F = Vault count percentage of total count
                 A         B        C        D         E       F
            +---------+---------+-------+---------+---------+-------
      Total |     535 |      83 |  13.4 |      76 |      17 |  18.3
            +---------+---------+-------+---------+---------+-------
        D:1 |      35 |       0 |   0.0 |      19 |       0 |   0.0
        D:2 |      85 |       0 |   0.0 |      19 |       0 |   0.0
        D:3 |     159 |      42 |  20.9 |      21 |       5 |  19.2
        D:4 |     155 |      33 |  17.6 |      13 |      11 |  45.8
        D:5 |     101 |       8 |   7.3 |       4 |       1 |  20.0
            +---------+---------+-------+---------+---------+-------
